[Event "Titled Tuesday Blitz December 06 Late 2022"]
[White "Kovacevic, Radmila"]
[Black "Yoo, Christopher Woojin"]
[WhiteFideId "933171"]
[BlackFideId "30909694"]
[WhiteElo "2244"]
[BlackElo "2463"]
[Result "0-1"]
[Round "10"]
[TimeControl "180+1"]
[Date "2022.12.07"]
[WhiteClock "0:00:08"]
[BlackClock "0:01:51"]

1. e4 c6 2. d4 d5 3. e5 Bf5 4. Be3 Qb6 5. Qc1 e6 6. Nd2 c5 7. c3 Nc6 8. Ngf3 cxd4 9. Nxd4 Nxd4 10. cxd4 Ne7 11. a4 Nc6 12. a5 Nxa5 13. Qd1 Nc6 14. g4 Bg6 15. h4 h5 16. f3 Be7 17. gxh5 Rxh5 18. Bf2 Qxb2 19. Qa4 Bb4 20. Be3 Bc2 21. Qa2 Qc3 22. Kf2 Nxd4 23. Rc1 Rxe5 24. Rxc2 Qxe3+ 25. Kg2 Nxc2 26. Bb5+ Kf8 27. Nf1 Ne1+ 28. Kg3 Qxf3+ 29. Kh2 Rc8 30. Rg1 0-1


[Site "https://www.chess.com"]

[Event "Titled Tuesday Blitz December 06 Late 2022"]
[White "Liu, Kelsey"]
[Black "Hoffmann, Asa"]
[WhiteFideId "30944481"]
[BlackFideId "2001470"]
[WhiteElo "2263"]
[BlackElo "2117"]
[Result "0-1"]
[Round "10"]
[TimeControl "180+1"]
[Date "2022.12.07"]
[WhiteClock "0:01:14"]
[BlackClock "0:01:58"]

1. e4 d6 2. d4 Nf6 3. Nc3 c6 4. Bd3 e5 5. Nge2 Be7 6. Bg5 h6 7. Bh4 Qb6 8. Na4 Qa5+ 9. c3 b5 10. dxe5 dxe5 11. Bxf6 gxf6 12. Bc2 bxa4 13. Bxa4 Be6 14. Qc2 Qb6 15. O-O-O Nd7 16. Ng3 Nc5 17. Nf5 Rb8 18. Ng7+ Kf8 19. Nxe6+ fxe6 20. b4 Nxa4 21. Qxa4 Qxf2 22. Qxa7 Qxa7 0-1


[Site "https://www.chess.com"]

[Event "Titled Tuesday Blitz December 06 Late 2022"]
[White "Maghsoodloo, Parham"]
[Black "Xiong, Jeffery"]
[WhiteFideId "12539929"]
[BlackFideId "2047640"]
[WhiteElo "2672"]
[BlackElo "2726"]
[Result "0-1"]
[Round "10"]
[TimeControl "180+1"]
[Date "2022.12.06"]
[WhiteClock "0:00:02"]
[BlackClock "0:00:03"]

1. e4 c5 2. Nc3 Nc6 3. Bb5 Nd4 4. Nf3 e6 5. O-O Ne7 6. Re1 a6 7. Bf1 Nec6 8. Nxd4 Nxd4 9. a4 b6 10. g3 Bb7 11. Bg2 Be7 12. d3 O-O 13. Be3 d6 14. f4 e5 15. fxe5 dxe5 16. Nd5 Bxd5 17. exd5 Rc8 18. g4 Bh4 19. Rf1 f5 20. c3 f4 21. cxd4 fxe3 22. dxe5 Qg5 23. e6 Qe5 24. Qe2 Rf2 25. d4 cxd4 26. Qd3 Rcc2 27. Rxf2 exf2+ 28. Kh1 Qe1+ 29. Qf1 Re2 30. Bf3 d3 31. Kg2 Qd2 32. Rd1 Qe3 33. d6 Re1 34. Qxd3 Qxd3 35. e7 f1=Q# 0-1


[Site "https://www.chess.com"]

[Event "Titled Tuesday Blitz December 06 Late 2022"]
[White "Mahdavi, Reza"]
[Black "Rosenthal, Nicholas"]
[WhiteFideId "12595926"]
[BlackFideId "2045150"]
[WhiteElo "2242"]
[BlackElo "2182"]
[Result "0-1"]
[Round "10"]
[TimeControl "180+1"]
[Date "2022.12.06"]
[WhiteClock "0:00:06"]
[BlackClock "0:00:25"]

1. e4 e6 2. d4 d5 3. Nc3 Nf6 4. e5 Nfd7 5. f4 c5 6. Nf3 Nc6 7. Be3 a6 8. Qd2 b5 9. Be2 Bb7 10. Nd1 g6 11. O-O c4 12. c3 Qb6 13. Nf2 h5 14. h3 Be7 15. g4 O-O-O 16. Kg2 hxg4 17. hxg4 f5 18. Rh1 Kb8 19. Rxh8 Rxh8 20. Rh1 Rxh1 21. Kxh1 b4 22. Kg2 Qa5 23. gxf5 gxf5 24. Ng5 Nf8 25. Bh5 Qxa2 26. Bf7 Nd8 27. Bg8 Qb3 28. Nd1 a5 29. Qe2 a4 30. Qh5 Bc6 31. cxb4 Bxb4 32. Bf2 c3 33. bxc3 a3 34. cxb4 a2 35. Qh6 Qxb4 36. Qf6 Nb7 37. Ne3 a1=Q 38. Nc2 Qaa3 39. Nxb4 Qxb4 40. Nxe6 Nxe6 41. Bxe6 Bb5 42. Bxd5 Qb1 43. Qb6 Bf1+ 44. Kg3 Qxb6 45. Bf3 Qg6+ 46. Kh2 Bd3 47. d5 Be4 48. Bxe4 fxe4 49. e6 Nd6 50. Bd4 Qh5+ 0-1


[Site "https://www.chess.com"]

[Event "Titled Tuesday Blitz December 06 Late 2022"]
[White "Marchesich, Giovanni"]
[Black "Pein, Jonathan"]
[WhiteFideId "2824790"]
[BlackFideId "417092"]
[WhiteElo "2200"]
[BlackElo "2225"]
[Result "1-0"]
[Round "10"]
[TimeControl "180+1"]
[Date "2022.12.07"]
[WhiteClock "0:00:47"]
[BlackClock "0:00:02"]

1. d4 e6 2. Bf4 c5 3. e3 Qb6 4. Na3 cxd4 5. exd4 Bxa3 6. bxa3 Qa5+ 7. Qd2 Qxa3 8. Nf3 Nf6 9. Bd3 d5 10. O-O O-O 11. Ne5 Nbd7 12. Qe3 Qe7 13. Bg5 h6 14. Bh4 Re8 15. f4 b6 16. f5 exf5 17. Rxf5 Nxe5 18. Rxe5 Be6 19. Rf1 Ng4 20. Qg3 Qb4 21. Rh5 Qxd4+ 22. Kh1 Qe3 23. Rf3 Qc1+ 24. Rf1 Qe3 25. Rf3 Qe5 26. Rxe5 Nxe5 27. Bf6 Ng6 28. Bxg6 Bg4 29. Re3 Rxe3 30. Qxe3 fxg6 31. Be5 Re8 32. h3 Bf5 33. c3 Be4 34. Qd4 Rf8 35. Kh2 Rf7 36. c4 Rd7 37. cxd5 Bxd5 38. Qf4 Rf7 39. Qc1 Be6 40. a3 Kh7 41. Qc3 Bf5 42. Qd4 Rd7 43. Bd6 h5 44. h4 Bg4 45. Kg3 Bf5 46. Qe5 Bg4 47. Kf4 Bf5 48. Kg5 Rf7 49. Qe8 Rd7 50. Qf8 Bg4 51. Kf4 Be6 52. Ke5 Bf5 53. Kd5 Bg4 54. Kc6 Bf5 55. Qf7 Bg4 56. Qxd7 Bxd7+ 57. Kxd7 g5 58. hxg5 Kg6 59. Be7 Kf5 60. Kd6 1-0


[Site "https://www.chess.com"]

[Event "Titled Tuesday Blitz December 06 Late 2022"]
[White "Marcolino, Daniel Mattos"]
[Black "Gerbelli Neto, Eduardo"]
[WhiteFideId "2106841"]
[BlackFideId "2103281"]
[WhiteElo "2153"]
[BlackElo "2178"]
[Result "0-1"]
[Round "10"]
[TimeControl "180+1"]
[Date "2022.12.07"]
[WhiteClock "0:00:12"]
[BlackClock "0:00:18"]

1. d4 d5 2. Nf3 Nf6 3. g3 b5 4. Bg2 Bb7 5. O-O Nbd7 6. a4 b4 7. c4 dxc4 8. Nbd2 c3 9. bxc3 bxc3 10. Nb3 e6 11. Qc2 Bb4 12. Ba3 a5 13. Rfd1 Be4 14. Qa2 Qe7 15. Ne1 Rb8 16. Bxe4 Nxe4 17. Nc2 Qf6 18. f3 Nd6 19. Rab1 O-O 20. Kg2 Nc4 21. Bxb4 axb4 22. a5 e5 23. Qa4 Qe7 24. e4 exd4 25. Rxd4 Nc5 26. Nxc5 Qxc5 27. Rb3 Ne3+ 28. Nxe3 Qxd4 29. Kf2 Qd2+ 0-1


[Site "https://www.chess.com"]

[Event "Titled Tuesday Blitz December 06 Late 2022"]
[White "Matinian, Nikita"]
[Black "Shohat, Yotam"]
[WhiteFideId "24129100"]
[BlackFideId "2813955"]
[WhiteElo "2422"]
[BlackElo "2216"]
[Result "0-1"]
[Round "10"]
[TimeControl "180+1"]
[Date "2022.12.06"]
[WhiteClock "0:01:16"]
[BlackClock "0:00:21"]

1. e4 g6 2. d4 Nf6 3. Nc3 d5 4. e5 Ne4 5. Nxe4 dxe4 6. c3 Bg7 7. Ne2 c5 8. Ng3 cxd4 9. cxd4 Nc6 10. Be3 Qa5+ 11. Qd2 Qxd2+ 12. Kxd2 O-O 13. Nxe4 Rd8 14. Kc3 Bf5 15. Nc5 Rac8 16. f4 b6 17. b4 bxc5 18. bxc5 Be4 19. Ba6 Rb8 20. Rhg1 Nb4 21. Bc4 Nc2 22. c6 Rdc8 23. d5 Nxe3 24. Kd4 Nxc4 25. Kxe4 e6 26. Rac1 exd5+ 27. Kxd5 Nb6+ 28. Ke4 Rc7 29. Rc2 Rbc8 30. Rgc1 Bf8 31. Rc3 Bb4 32. Rb3 Bd2 33. Rc2 Bxf4 34. Kxf4 Rxc6 35. Re2 Rc4+ 36. Kg3 Rc3+ 37. Kf2 Rxb3 38. axb3 Re8 39. Ra2 Rxe5 40. Rxa7 Rb5 41. Ra3 Kg7 42. Ke3 Kf6 43. Kd3 Ke5 44. Kc3 f5 45. Ra7 h5 46. Rg7 Kf6 47. Rg8 h4 48. Rh8 Kg5 49. Rh7 Re5 50. g3 hxg3 51. hxg3 Re3+ 52. Kb4 Rxg3 53. Rb7 Nd5+ 54. Kc5 Nf6 55. b4 Ne4+ 56. Kd4 Rb3 57. b5 Kf4 58. b6 g5 59. Rb8 g4 60. b7 g3 0-1


[Site "https://www.chess.com"]

[Event "Titled Tuesday Blitz December 06 Late 2022"]
[White "Melkumyan, Hrant"]
[Black "Kollars, Dmitrij"]
[WhiteFideId "13302485"]
[BlackFideId "12909572"]
[WhiteElo "2604"]
[BlackElo "2584"]
[Result "0-1"]
[Round "10"]
[TimeControl "180+1"]
[Date "2022.12.06"]
[WhiteClock "0:00:02"]
[BlackClock "0:00:19"]

1. d4 Nf6 2. c4 e6 3. Bf4 d5 4. e3 Bb4+ 5. Nd2 O-O 6. Nf3 c5 7. dxc5 Bxc5 8. Rc1 Qe7 9. a3 Nc6 10. b4 Bd6 11. Bxd6 Qxd6 12. c5 Qe7 13. Bb5 e5 14. O-O e4 15. Ne1 a5 16. Nc2 axb4 17. Bxc6 bxc6 18. axb4 Ng4 19. Nd4 Qh4 20. h3 Ne5 21. Kh2 Ra2 22. Ra1 Bg4 23. Qc1 Nd3 24. Qc3 Rfa8 25. Rxa2 Rxa2 26. Ra1 Rxa1 27. Qxa1 Bxh3 28. gxh3 Qxf2+ 29. Kh1 h5 30. Nf1 Ne1 31. Qxe1 Qxe1 32. Kg1 Qxb4 33. Nxc6 Qxc5 34. Nd4 g6 35. Kf2 Qe7 36. Ng3 Qf6+ 37. Kg2 Kh7 38. Nge2 Qg5+ 39. Kf2 Qe5 40. Nf4 h4 41. Kg2 g5 42. Nfe2 f5 43. Kf2 f4 44. Nc2 f3 0-1


[Site "https://www.chess.com"]

[Event "Titled Tuesday Blitz December 06 Late 2022"]
[White "Mendez Fortes, Eduardo Jesus"]
[Black "Yuan, Qingyu"]
[WhiteFideId "3502376"]
[BlackFideId "8609772"]
[WhiteElo "2307"]
[BlackElo "2359"]
[Result "0-1"]
[Round "10"]
[TimeControl "180+1"]
[Date "2022.12.06"]
[WhiteClock "0:00:21"]
[BlackClock "0:00:30"]

1. e4 e5 2. Nf3 Nc6 3. Bb5 Nf6 4. d3 Bc5 5. c3 d5 6. Nxe5 O-O 7. d4 Nxe5 8. dxc5 Nxe4 9. Be3 c6 10. Be2 Qe7 11. b4 a5 12. O-O axb4 13. cxb4 Bf5 14. Bd4 h6 15. a4 Rfe8 16. Ra2 Ng6 17. Nc3 Nf4 18. Bf3 Nxc3 19. Bxc3 Qg5 20. Bd2 Qh4 21. Bxf4 Qxf4 22. Qc1 Qxb4 23. Rb2 Qxa4 24. Rxb7 Bd3 25. Rd1 Bb5 26. Qf4 Qxf4 0-1


[Site "https://www.chess.com"]

[Event "Titled Tuesday Blitz December 06 Late 2022"]
[White "Meunier, Clement"]
[Black "Calcada, Lucas Galvan"]
[WhiteFideId "20667930"]
[BlackFideId "22746099"]
[WhiteElo "2233"]
[BlackElo "1523"]
[Result "1-0"]
[Round "10"]
[TimeControl "180+1"]
[Date "2022.12.07"]
[WhiteClock "0:01:06"]
[BlackClock "0:00:36"]

1. e4 c5 2. Nf3 d6 3. Bb5+ Bd7 4. Bxd7+ Qxd7 5. O-O g6 6. c3 Bg7 7. d4 Nf6 8. e5 dxe5 9. dxe5 Qxd1 10. Rxd1 Ng4 11. Bf4 Nc6 12. Re1 O-O 13. h3 Nh6 14. Nbd2 Rfd8 15. Ne4 b6 16. Rad1 Bf8 17. g4 Kg7 18. Kg2 Ng8 19. Neg5 h6 20. Ne4 g5 21. Bh2 e6 22. Nd6 Nge7 23. c4 Ng6 24. Rd2 Be7 25. Red1 Nh4+ 26. Nxh4 gxh4 27. f4 Nd4 28. Ne4 Kg6 29. Bg1 Nc6 30. Rd7 Rxd7 31. Rxd7 Rd8 32. Rc7 1-0


[Site "https://www.chess.com"]

[Event "Titled Tuesday Blitz December 06 Late 2022"]
[White "Moksh Amit Doshi"]
[Black "Polster, Christian"]
[WhiteFideId "25064967"]
[BlackFideId "12965081"]
[WhiteElo "2297"]
[BlackElo "2195"]
[Result "1-0"]
[Round "10"]
[TimeControl "180+1"]
[Date "2022.12.07"]
[WhiteClock "0:00:38"]
[BlackClock "0:00:03"]

1. d4 Nf6 2. Nf3 d5 3. Bf4 c5 4. e3 Nc6 5. Nbd2 Qb6 6. dxc5 Qxb2 7. Rb1 Qa3 8. Bb5 Qxc5 9. O-O e6 10. c4 Bd6 11. Nb3 Qa3 12. Nbd4 Bd7 13. Bxc6 Bxc6 14. Nxc6 bxc6 15. cxd5 Bxf4 16. exf4 cxd5 17. Ne5 O-O 18. Rb7 Qxa2 19. Qd4 a5 20. Qc5 Rac8 21. Qe7 a4 22. Nxf7 Nh5 23. Qxe6 d4 24. Qxa2 1-0


[Site "https://www.chess.com"]

[Event "Titled Tuesday Blitz December 06 Late 2022"]
[White "Nasuta, Grzegorz"]
[Black "Kleiman, Jake"]
[WhiteFideId "1141686"]
[BlackFideId "2020041"]
[WhiteElo "2441"]
[BlackElo "2609"]
[Result "1-0"]
[Round "10"]
[TimeControl "180+1"]
[Date "2022.12.06"]
[WhiteClock "0:00:53"]
[BlackClock "0:00:12"]

1. e4 e5 2. Nf3 Nc6 3. d4 exd4 4. Nxd4 Bb4+ 5. c3 Bc5 6. Be3 Bb6 7. Nf5 Qf6 8. Bxb6 axb6 9. Be2 d6 10. Ne3 Nge7 11. O-O O-O 12. Qd2 Qg6 13. f3 f5 14. exf5 Nxf5 15. Bd3 Qh6 16. Bxf5 Bxf5 17. c4 Rae8 18. Nd5 Qxd2 19. Nxd2 Rf7 20. Rfe1 Kf8 21. Kf2 Ne5 22. Kg1 Be6 23. b3 b5 24. Ne3 Nd3 25. Red1 bxc4 26. Ndxc4 Nc5 27. Rac1 Ra8 28. Rd2 Re7 29. Nd1 Bxc4 30. Rxc4 b5 31. Rf4+ Ke8 32. Nc3 Rb8 33. Nd5 Rd7 34. Re2+ 1-0


[Site "https://www.chess.com"]

[Event "Titled Tuesday Blitz December 06 Late 2022"]
[White "O`Gorman, Tom"]
[Black "Erdogmus, Yagiz Kaan"]
[WhiteFideId "2508249"]
[BlackFideId "44599790"]
[WhiteElo "2271"]
[BlackElo "2353"]
[Result "0-1"]
[Round "10"]
[TimeControl "180+1"]
[Date "2022.12.06"]
[WhiteClock "0:00:05"]
[BlackClock "0:00:27"]

1. e4 e5 2. Nf3 Nc6 3. Bb5 Nf6 4. O-O Nxe4 5. Re1 Nd6 6. Nxe5 Be7 7. Bf1 Nxe5 8. Rxe5 O-O 9. d4 Bf6 10. Re1 Nf5 11. d5 d6 12. Nd2 Re8 13. Ne4 Bd4 14. Bg5 f6 15. Bf4 Bxb2 16. Rb1 Be5 17. Qd2 Nh4 18. Bg3 Ng6 19. f4 f5 20. fxe5 fxe4 21. e6 c6 22. c4 b5 23. Rxe4 bxc4 24. Bxc4 Ne7 25. Rf1 cxd5 26. Bxd5 Nxd5 27. Qxd5 Qb6+ 28. Bf2 Bb7 29. Qg5 Qc7 30. Ree1 Qc4 31. Rc1 Qd5 32. Qxd5 Bxd5 33. Rc7 Rxe6 34. Bd4 Rg6 35. g3 Bxa2 36. Re1 Be6 37. Re7 Bf7 38. Rc1 a5 39. Rcc7 Rf8 40. Ra7 Rg4 41. Bc3 a4 42. Kg2 Rc4 43. Ba1 Rc1 44. Rxa4 g5 45. Bb2 Rc2+ 46. Kh3 Rxb2 47. Kg4 Rb5 48. Raa7 h5+ 49. Kh3 Rb4 50. Kg2 Bd5+ 51. Kg1 Rb1+ 52. Re1 Rxe1# 0-1


[Site "https://www.chess.com"]

[Event "Titled Tuesday Blitz December 06 Late 2022"]
[White "Omelja, Artem"]
[Black "Guzman Moneo, Alberto"]
[WhiteFideId "14119846"]
[BlackFideId "2209616"]
[WhiteElo "2404"]
[BlackElo "2157"]
[Result "1-0"]
[Round "10"]
[TimeControl "180+1"]
[Date "2022.12.07"]
[WhiteClock "0:02:27"]
[BlackClock "0:00:02"]

1. e4 c5 2. Nf3 Nc6 3. Bb5 g6 4. O-O Bg7 5. Re1 Nf6 6. c3 O-O 7. d4 d5 8. Bxc6 bxc6 9. e5 Ne4 10. Nbd2 Nxd2 11. Bxd2 cxd4 12. cxd4 Bg4 13. h3 Bxf3 14. Qxf3 Rb8 15. Bc3 e6 16. a3 Qc7 17. Bb4 Rfd8 18. Bd6 Rxd6 19. exd6 Qxd6 20. Qc3 Rc8 21. Rac1 h5 22. b4 Qf4 23. Red1 Bf8 24. Qg3 Qf6 25. Qe5 Qh4 26. b5 Bg7 27. Qe3 c5 28. Rxc5 Rxc5 29. dxc5 d4 30. Qg3 Qe4 31. c6 Qc2 32. Rf1 d3 33. Qb8+ Kh7 34. c7 1-0


[Site "https://www.chess.com"]

[Event "Titled Tuesday Blitz December 06 Late 2022"]
[White "Oro, Faustino"]
[Black "Rustemov, Alexander"]
[WhiteFideId "20000197"]
[BlackFideId "4119002"]
[WhiteElo "1984"]
[BlackElo "2783"]
[Result "0-1"]
[Round "10"]
[TimeControl "180+1"]
[Date "2022.12.06"]
[WhiteClock "0:00:15"]
[BlackClock "0:00:29"]

1. e4 e6 2. d4 d5 3. Nd2 dxe4 4. Nxe4 Bd7 5. Nf3 Bc6 6. Bd3 Nd7 7. O-O Ngf6 8. Qe2 Nxe4 9. Bxe4 Bxe4 10. Qxe4 c6 11. c3 Be7 12. Bf4 O-O 13. Qe2 Qa5 14. h3 Rad8 15. Rfd1 Rfe8 16. Nd2 Qb5 17. Qxb5 cxb5 18. Ne4 Rc8 19. Rac1 Nb6 20. b3 Rc6 21. Rc2 Rec8 22. Rdc1 Ba3 23. Rd1 Nd5 24. Be5 f6 25. Bg3 f5 26. Ng5 h6 27. Nf3 f4 28. Bh2 Rxc3 29. Rxc3 Rxc3 30. Re1 Kf7 31. Ne5+ Kf6 32. Nd7+ Ke7 33. Ne5 g5 34. h4 Rc2 35. hxg5 hxg5 36. g3 Rxa2 37. gxf4 gxf4 38. Ng6+ Kd7 39. Bxf4 Bd6 40. Bxd6 Kxd6 41. Kg2 a5 42. Nf8 Nc7 43. Kf3 Ra3 44. Re3 a4 45. bxa4 Rxe3+ 46. Kxe3 bxa4 47. Kd3 b5 48. Ng6 b4 49. Ne5 a3 50. Nc4+ Kc6 51. Kc2 Nb5 52. Kb3 Nxd4+ 0-1


[Site "https://www.chess.com"]

[Event "Titled Tuesday Blitz December 06 Late 2022"]
[White "Osmonbekov, Talaibek"]
[Black "Savic, Miroslav"]
[WhiteFideId "2017253"]
[BlackFideId "14508494"]
[WhiteElo "2135"]
[BlackElo "2209"]
[Result "1-0"]
[Round "10"]
[TimeControl "180+1"]
[Date "2022.12.07"]
[WhiteClock "0:00:10"]
[BlackClock "0:00:02"]

1. d4 Nf6 2. Bf4 c5 3. e3 d5 4. Nc3 cxd4 5. exd4 a6 6. Nf3 Bg4 7. h3 Bxf3 8. Qxf3 Nc6 9. O-O-O e6 10. g4 Qa5 11. g5 Nd7 12. h4 Bb4 13. a3 Bxc3 14. Qxc3 Qxc3 15. bxc3 Na5 16. c4 Nxc4 17. Bxc4 dxc4 18. d5 e5 19. Bxe5 Nxe5 20. Rhe1 f6 21. gxf6 gxf6 22. f4 Kd7 23. fxe5 fxe5 24. Rxe5 Rae8 25. Rh5 h6 26. Rg1 Rhg8 27. Rxg8 Rxg8 28. Kd2 Rg3 29. a4 Kd6 30. a5 c3+ 31. Ke2 Rh3 32. Rf5 Rxh4 33. Kd3 Ra4 34. Kxc3 Rxa5 35. Kd4 Ra4+ 36. c4 b5 37. Rf6+ Ke7 38. Re6+ Kf7 39. Ke5 bxc4 40. Rxh6 Ra1 41. Rh7+ Kg6 42. Rc7 Re1+ 43. Kd6 Rc1 44. Ra7 Ra1 45. Rc7 Rc1 46. Ke7 Re1+ 47. Kd7 Rd1 48. d6 Rd4 49. Ke7 a5 50. d7 c3 51. Rxc3 Re4+ 52. Kd8 a4 53. Rf3 Kg5 54. Kc8 Rc4+ 55. Kb7 Rd4 56. Kc7 Rc4+ 57. Kd6 Rd4+ 58. Ke7 Re4+ 59. Kf8 Rd4 60. Ke8 Re4+ 61. Kd8 Kg6 62. Rc3 a3 63. Kc8 a2 64. d8=Q a1=Q 65. Rg3+ Kf5 66. Rg5+ 1-0


[Site "https://www.chess.com"]

[Event "Titled Tuesday Blitz December 06 Late 2022"]
[White "Poliakova, Varvara"]
[Black "Stoleriu, George"]
[WhiteFideId "13518313"]
[BlackFideId "1227505"]
[WhiteElo "2075"]
[BlackElo "2287"]
[Result "0-1"]
[Round "10"]
[TimeControl "180+1"]
[Date "2022.12.06"]
[WhiteClock "0:00:40"]
[BlackClock "0:00:16"]

1. e4 d5 2. exd5 c6 3. d4 cxd5 4. c3 Nc6 5. Bd3 Nf6 6. Nf3 Bg4 7. h3 Bh5 8. Nbd2 e6 9. Nf1 Bd6 10. Ng3 Bxg3 11. fxg3 O-O 12. O-O Rc8 13. Bg5 h6 14. Bf4 Ne4 15. g4 Bg6 16. Ne5 Nxe5 17. Bxe5 Qb6 18. Qe2 f6 19. Bh2 e5 20. Bxe4 Bxe4 21. Rad1 Rfe8 22. Qf2 exd4 23. Rxd4 Rc4 24. Rfd1 Re7 25. Bf4 Kf7 26. Bc1 a6 27. h4 Qe6 28. g5 hxg5 29. hxg5 Qg4 30. gxf6 gxf6 31. Rf1 f5 32. Bf4 Rxd4 33. cxd4 Bd3 34. Rc1 Re2 35. Rc7+ Kg6 36. Qf3 Qxf3 37. gxf3 Rxb2 38. a4 Be2 39. Be5 Bxf3 40. Rg7+ Kh5 41. Bf4 Be4 42. a5 Kh4 43. Kf1 Kh3 44. Ke1 Rg2 45. Rxb7 Kg4 46. Bc7 Ra2 47. Rb6 Kf3 48. Rxa6 Ke3 0-1


[Site "https://www.chess.com"]

[Event "Titled Tuesday Blitz December 06 Late 2022"]
[White "Popilski, Gil"]
[Black "Manukyan, Sargis A."]
[WhiteFideId "2809060"]
[BlackFideId "13303970"]
[WhiteElo "2537"]
[BlackElo "2187"]
[Result "1-0"]
[Round "10"]
[TimeControl "180+1"]
[Date "2022.12.06"]
[WhiteClock "0:01:18"]
[BlackClock "0:01:18"]

1. Nc3 c5 2. e4 Nc6 3. g3 g6 4. Bg2 Bg7 5. f4 d6 6. Nf3 Nh6 7. O-O O-O 8. d3 f5 9. h3 Nf7 10. exf5 Bxf5 11. g4 Bd7 12. Ne2 Rb8 13. Ng3 Nd4 14. Nh2 e6 15. c3 Nc6 16. a4 Ne7 17. h4 Bc6 18. Ne4 Qc7 19. h5 Rbe8 20. Qe1 Bxe4 21. dxe4 Nc6 22. g5 d5 23. Qh4 dxe4 24. Bxe4 Nh8 25. h6 Be5 26. fxe5 Rxf1+ 27. Kxf1 Qxe5 28. Ng4 Rf8+ 29. Kg1 Ne7 30. Nxe5 1-0


[Site "https://www.chess.com"]

[Event "Titled Tuesday Blitz December 06 Late 2022"]
[White "Pultinevicius, Paulius"]
[Black "Quesada Perez, Yuniesky"]
[WhiteFideId "12809390"]
[BlackFideId "3504409"]
[WhiteElo "2486"]
[BlackElo "2600"]
[Result "1/2-1/2"]
[Round "10"]
[TimeControl "180+1"]
[Date "2022.12.06"]
[WhiteClock "0:00:02"]
[BlackClock "0:00:03"]

1. b3 d5 2. Bb2 Bf5 3. e3 e6 4. Ne2 Nf6 5. Ng3 Bg6 6. d4 c5 7. Bd3 Nc6 8. dxc5 Bxc5 9. O-O Rc8 10. Nd2 O-O 11. Bxg6 hxg6 12. a3 a5 13. Qe2 e5 14. Nf3 Qe7 15. Rfd1 Rfd8 16. c4 dxc4 17. Qxc4 Rxd1+ 18. Rxd1 Bxa3 19. Bxa3 Qxa3 20. Nxe5 Rc7 21. Nxg6 Qb4 22. Ne5 Qxc4 23. Nxc4 Rd7 24. Ra1 Rd5 25. Nf1 Nd7 26. e4 Rb5 27. Nfd2 Nc5 28. Ra3 Rb4 29. f3 b6 30. Kf1 Nd4 31. Nd6 Ncxb3 32. N2c4 a4 33. Kf2 b5 34. Ne5 Nc5 35. Ndxf7 Rb2+ 36. Kg3 b4 37. Ra1 a3 38. Rd1 a2 39. Rxd4 Ne6 40. Rd6 a1=Q 41. Rxe6 Qe1+ 42. Kh3 g6 43. Rxg6+ Kf8 44. Nd6 Qd2 45. Nf5 Qf4 46. Nd7+ Kf7 47. Rf6+ Ke8 48. Ng7+ Kxd7 49. Rxf4 b3 50. Rf7+ Kc6 51. Nf5 Rd2 52. Rf8 Kc7 53. Rf7+ Kc6 54. Rf6+ Kc7 55. Ne7 b2 56. Nd5+ Rxd5 57. exd5 b1=Q 58. Kg4 Qh7 59. Rf5 Qg7+ 60. Kh3 Qg6 61. g4 Kd6 62. Kg3 Qh6 63. h4 Qc1 64. h5 Qg1+ 65. Kf4 Qc1+ 66. Kg3 Qg1+ 67. Kh4 Qe1+ 68. Kg5 Qe7+ 69. Kg6 Qe8+ 70. Kg7 Qe7+ 71. Kh6 Qe8 72. Kg5 Qe7+ 73. Kf4 Qe1 74. Kg5 Qe7+ 1/2-1/2


[Site "https://www.chess.com"]

[Event "Titled Tuesday Blitz December 06 Late 2022"]
[White "Quinones Garcia, Santiago"]
[Black "Moral Garcia, Serafin"]
[WhiteFideId "4408497"]
[BlackFideId "2201925"]
[WhiteElo "2249"]
[BlackElo "2259"]
[Result "0-1"]
[Round "10"]
[TimeControl "180+1"]
[Date "2022.12.07"]
[WhiteClock "0:00:02"]
[BlackClock "0:00:13"]

1. d4 Nf6 2. c4 g6 3. Nc3 d5 4. cxd5 Nxd5 5. e4 Nxc3 6. bxc3 Bg7 7. Nf3 c5 8. Be3 Nc6 9. Rc1 Bg4 10. d5 Ne5 11. Bxc5 Bxf3 12. gxf3 O-O 13. Bd4 Qa5 14. f4 Nf3+ 15. Qxf3 Bxd4 16. Qd3 Bg7 17. Qd2 e6 18. c4 Qxd2+ 19. Kxd2 Bh6 20. Ke3 e5 21. Rb1 Bxf4+ 22. Kd3 b6 23. Bh3 Kg7 24. a4 Rab8 25. Rb5 Kf6 26. Rhb1 Bxh2 27. a5 h5 28. axb6 axb6 29. Rxb6+ Rxb6 30. Rxb6+ Kg7 31. c5 f5 32. c6 fxe4+ 33. Ke2 e3 34. fxe3 e4 35. Rb7+ Rf7 36. Rd7 Rxd7 37. cxd7 Bc7 38. Bg2 Kf6 39. Bxe4 g5 40. Kd3 Ke5 41. Bg6 h4 42. e4 g4 43. Bf5 g3 44. Bh3 Kf4 45. d6 Bb6 46. Bg2 Kg4 47. e5 h3 48. Bxh3+ Kxh3 49. e6 g2 50. e7 g1=Q 51. d8=Q Qd1+ 52. Kc4 Qd4+ 53. Kb5 Qc5+ 54. Ka6 Qa5+ 55. Kb7 Bxd8 56. e8=Q Bg5 57. d7 Qb5+ 58. Kc8 Qc6+ 59. Kb8 Bf4+ 60. Ka7 Qc7+ 61. Ka6 Qc6+ 62. Ka7 Qa4+ 63. Kb7 Qb5+ 0-1


[Site "https://www.chess.com"]

[Event "Titled Tuesday Blitz December 06 Late 2022"]
[White "Radovanovic, Dusan"]
[Black "Papayan, Oleg"]
[WhiteFideId "926868"]
[BlackFideId "4193911"]
[WhiteElo "2337"]
[BlackElo "2153"]
[Result "0-1"]
[Round "10"]
[TimeControl "180+1"]
[Date "2022.12.07"]
[WhiteClock "0:00:05"]
[BlackClock "0:00:10"]

1. e4 e5 2. Nf3 Nc6 3. Nc3 Nf6 4. Bb5 Nd4 5. Nxe5 Qe7 6. f4 Nxb5 7. Nxb5 d6 8. Nf3 Qxe4+ 9. Kf2 Ng4+ 10. Kg3 Qg6 11. Nh4 Qh5 12. h3 Qxb5 13. hxg4 h5 14. g5 Bg4 15. Qe1+ Kd7 16. d4 Re8 17. Be3 Qxb2 18. Qf2 d5 19. Rhe1 Bb4 20. Reb1 Qc3 21. Rb3 Qxa1 22. Rxb4 Qc3 23. Rb3 Rxe3+ 24. Qxe3 Qxc2 25. Nf3 Bxf3 26. Qxf3 Qc6 27. Rc3 Qd6 28. Rc5 c6 29. Qb3 b6 30. Rc3 h4+ 31. Kf3 h3 32. gxh3 Rxh3+ 33. Kg4 Qe6+ 34. f5 Rxc3 35. Qxc3 Qe4+ 36. Kg3 Qxf5 37. Qe3 Qe4 38. Qd2 f5 39. gxf6 gxf6 40. Qh6 Qxd4 41. Qg7+ Kd6 42. Qf8+ Ke5 43. Qe7+ Kf5 44. Qh7+ Ke6 45. Qg8+ Ke7 46. Qg7+ Kd8 47. Qf8+ Kc7 48. Qe7+ Kb8 49. Qd8+ Kb7 50. Qd7+ Ka6 51. Qc8+ Kb5 52. Qb7 Qe5+ 53. Kf3 c5 54. Qxa7 c4 55. Qd7+ Kb4 56. Qc6 b5 57. Qb6 d4 58. a4 Kxa4 59. Qa6+ Kb4 60. Qa1 d3 61. Qb1+ Kc5 62. Qg1+ Qd4 63. Qg8 Qd5+ 0-1


[Site "https://www.chess.com"]

[Event "Titled Tuesday Blitz December 06 Late 2022"]
[White "Rastbod, Ali"]
[Black "Zhigalko, Sergei"]
[WhiteFideId "12567477"]
[BlackFideId "13502956"]
[WhiteElo "2223"]
[BlackElo "2662"]
[Result "0-1"]
[Round "10"]
[TimeControl "180+1"]
[Date "2022.12.06"]
[WhiteClock "0:01:41"]
[BlackClock "0:02:19"]

1. e4 c5 2. Nf3 Nc6 3. Bb5 Nf6 4. e5 Nd5 5. Nc3 Nc7 6. Bxc6 dxc6 7. O-O h6 8. h3 Bf5 9. Re1 Ne6 10. d3 g5 11. Nh2 Bg7 12. a4 Qc7 13. Ng4 Bg6 14. Ne4 O-O-O 15. a5 h5 16. Ne3 Bxe4 0-1


[Site "https://www.chess.com"]

[Event "Titled Tuesday Blitz December 06 Late 2022"]
[White "Rodriguez Santiago, Jaime"]
[Black "Dzierzak, Radoslaw"]
[WhiteFideId "3100898"]
[BlackFideId "1161407"]
[WhiteElo "2025"]
[BlackElo "2111"]
[Result "1-0"]
[Round "10"]
[TimeControl "180+1"]
[Date "2022.12.07"]
[WhiteClock "0:01:26"]
[BlackClock "0:00:40"]

1. c4 Nf6 2. Nc3 e6 3. e4 e5 4. g3 Nc6 5. Nge2 Bc5 6. Bg2 O-O 7. O-O a6 8. d3 d6 9. h3 Be6 10. Kh2 Nd7 11. f4 f5 12. exf5 Bxf5 13. g4 Be6 14. f5 Bf7 15. Ng3 Nb6 16. Nce4 Bd4 17. Bg5 Qd7 18. f6 g6 19. Rb1 d5 20. cxd5 Nxd5 21. Qe2 Rfe8 22. Bh6 Nf4 23. Qf3 Bb6 24. Rbd1 Rad8 25. Bxf4 exf4 26. Ne2 Ne5 27. Qxf4 Kh8 28. Qh6 Rg8 29. Ng5 Bxa2 30. f7 Rg7 31. f8=Q+ Rxf8 32. Rxf8+ Rg8 33. Rf7 Bxf7 34. Qxh7# 1-0


[Site "https://www.chess.com"]